 Dungeon Crawl Stone Soup version 0.16-a0-3187-geb38783 (webtiles) character file.

558 Grim the Carver (level 7, -1/57 HPs)
             Began as a Minotaur Berserker on Dec 17, 2014.
             Was a Priest of Trog.
             Killed from afar by an orc wizard (16 damage)
             ... with a wand of draining
             ... on level 4 of the Dungeon.
             The game lasted 00:13:26 (4034 turns).

Grim the Carver (Minotaur Berserker)                Turns: 4034, Time: 00:13:26

Health: -1/57      AC:  9    Str: 21    XL:     7   Next: 9%
Magic:  3/3        EV:  7    Int:  4    God:    Trog [***...]
Gold:   174        SH:  0    Dex: 12    Spells: 0 memorised, 6 levels left

rFire  + . .     SeeInvis .     a - +0 falchion
rCold  . . .     Clarity  .     s - +0 chain mail
rNeg   . . .     SustAb   .     (no shield)
rPois  .         Gourm    .     (helmet restricted)
rElec  .         Spirit   .     q - +0 cloak
rCorr  .         Warding  .     (no gloves)
rMut   .         Stasis   .     (no boots)
MR     .....                    e - amulet of faith
Stlth  ..........               (no ring)
                                d - ring of protection from fire

@: exhausted, slowed, heavily drained, very slow, not resistant to hostile
enchantments, extremely unstealthy
A: retaliatory headbutt, horns 2
a: Burn Spellbooks, Berserk, Trog's Hand, Renounce Religion


You were on level 4 of the Dungeon.
You worshipped Trog.
Trog was most pleased with you.
You were near starving.

You visited 1 branch of the dungeon, and saw 4 of its levels.

You collected 174 gold pieces.

Inventory:

Hand weapons
 a - a +0 falchion (weapon)
Armour
 b - a +0 animal skin
 q - a +0 cloak (worn)
 s - a +0 chain mail (worn)
Jewellery
 d - a ring of protection from fire (left hand)
 e - an amulet of faith (around neck)
 g - an uncursed amulet of guardian spirit
 A - an uncursed amulet of rage
Scrolls
 c - 3 scrolls of teleportation {unknown}
 l - 2 scrolls of enchant armour {unknown}
 n - 2 scrolls of remove curse {unknown}
 p - 3 scrolls of random uselessness {unknown}
 r - a scroll of blinking {unknown}
 u - 2 scrolls of magic mapping {unknown}
 v - 2 scrolls of identify {unknown}
 y - a scroll of amnesia {unknown}
Potions
 f - 4 potions of brilliance {unknown}
 h - 5 potions of heal wounds {unknown}
 i - a potion of magic {unknown}
 j - a potion of flight {unknown}
 m - a potion of curing {unknown}
 w - a potion of ambrosia {unknown}
 z - a potion of berserk rage {unknown}
Books
 x - a Grand Grimoire {highlevel, unknown}

   This book is beyond your current level of understanding.

   Spells                             Type                      Level
   a - Aura of Abjuration             Summoning                    6
   b - Forceful Dismissal             Summoning                    6
   c - Summon Greater Demon           Summoning                    7
   d - Malign Gateway                 Summoning/Translocation      7
   e - Summon Horrible Things         Summoning                    8
   Trog disapproves of the use of such an item.
Comestibles
 k - 2 slices of pizza
 o - a meat ration
 t - 3 bread rations
 B - a royal jelly


   Skills:
 - Level 3.6(2.0) Fighting
 + Level 9.7(7.9) Long Blades
 - Level 2.4(0.9) Armour
 - Level 2.1(0.6) Dodging


You had 6 spell levels left.
You didn't know any spells.

Dungeon Overview and Level Annotations

Branches:
Dungeon (4/15)
 Temple: D:4-7

Altars:
Gozag
Ru
Vehumet

Shops:
D:4 =


Innate Abilities, Weirdness & Mutations

You reflexively headbutt those who attack you in melee.
You have a pair of horns on your head.


Message History

The orc wizard zaps a wand.
The bolt of negative energy hits you!
You feel drained.
* * * LOW HITPOINT WARNING * * *
It is a wand of draining.
The orc wizard hits you but does no damage.
You closely miss the orc wizard.
The orc wizard zaps a wand.
The bolt of negative energy hits you!
You feel drained.
* * * LOW HITPOINT WARNING * * *
You miss the orc wizard. Your headbutt misses the orc wizard.
The orc wizard hits you but does no damage.
You barely miss the orc wizard. Your headbutt misses the orc wizard.
The orc wizard hits you but does no damage.
You miss the orc wizard.
The orc wizard mumbles some strange words.
The orc wizard seems to speed up.
You closely miss the orc wizard.
The orc wizard's eyes start to glow.
The orc wizard zaps a wand.
The bolt of negative energy hits you!
You feel drained.
You die...

.....##...........#
#..#.>#.###
.....##.########..#
#.##.###..
####.##.# #..#
##.#..#.### #.##.#
##..# ##.##.###
#.##.# #...#
#......# #.#
##...## #..###.#
#.# ##..†..## ##.#
#.# #.# #...o...#
#.###.# ####.
#...@...# #.....#
..... #.......#
##.#.## #####
##.....## #....##
##...## ##.....#
#.#.# ##....... #.#
#.#.# ####........
#.. .. ..
............ #.#
#.. ...
......>....# #.#
###
.##.######....##


You could see an orc wizard.

Vanquished Creatures
  The ghost of katzbalger the Grave Robber, an average HuNe (D:4)
  An ogre (D:4)
  2 orc wizards (D:4)
  Natasha (D:4)
  2 orc priests (D:4)
  A worker ant (D:4)
  7 adders
  A giant mite (D:1)
  2 worms (D:2)
  An adder skeleton (D:4)
  2 giant geckos
  An ooze (D:1)
  12 orcs
  3 ball pythons
  A giant cockroach (D:1)
  8 hobgoblins
  5 jackals (D:1)
  2 quokkas
  8 bats
  A giant gecko skeleton (D:4)
  3 giant newts
  9 goblins
  11 kobolds
  10 rats
95 creatures vanquished.

Notes
Turn   | Place    | Note
--------------------------------------------------------------
     0 | D:1      | Grim, the Minotaur Berserker, began the quest for the Orb.
     0 | D:1      | Reached XP level 1. HP: 19/19 MP: 1/1
   228 | D:1      | Reached skill level 4 in Long Blades
   512 | D:1      | Reached XP level 2. HP: 26/26 MP: 1/1
   670 | D:1      | Acquired Trog's second power
   824 | D:1      | Reached skill level 5 in Long Blades
   847 | D:1      | Reached XP level 3. HP: 31/31 MP: 2/2
  1744 | D:3      | Reached skill level 6 in Long Blades
  1744 | D:3      | Reached XP level 4. HP: 39/39 MP: 2/2
  2346 | D:3      | Found an opulent altar of Gozag.
  2350 | D:3      | Acquired Trog's third power
  2685 | D:3      | Reached XP level 5. HP: 42/45 MP: 2/2
  2828 | D:3      | Reached skill level 7 in Long Blades
  2912 | D:4      | Noticed katzbalger's ghost (average HuNe)
  3179 | D:4      | Found a sacrificial altar of Ru.
  3288 | D:4      | Found Plidioda's Jewellery Shoppe.
  3293 | D:4      | Reached skill level 8 in Long Blades
  3386 | D:4      | Noticed an ogre
  3392 | D:4      | Killed an ogre
  3392 | D:4      | Reached XP level 6. HP: 51/51 MP: 3/3
  3636 | D:4      | Killed katzbalger's ghost
  3636 | D:4      | Reached skill level 9 in Long Blades
  3747 | D:4      | Reached XP level 7. HP: 53/57 MP: 3/3
  3802 | D:4      | Found a radiant altar of Vehumet.
  3984 | D:4      | Noticed Natasha
  3998 | D:4      | Killed Natasha
  4034 | D:4      | Killed from afar by an orc wizard

Action                   |  1- 3 |  4- 6 |  7- 9 || total
-------------------------+-------+-------+-------++-------
Melee: Falchion          |    86 |   111 |    21 ||   218
Invok: Berserk           |       |     2 |     1 ||     3
  Eat: Bread ration      |     1 |       |       ||     1
       Chunk             |       |     1 |     1 ||     2
       Meat ration       |       |     1 |       ||     1
